Map: 카이로스 정션 - 래더

Players

TSGSolar (Solar) - Winner!

  • Race: Zerg Zerg
  • League: Diamond
  • Spawn Location: 5:00

lIIllllIIlll (INnoVation)

  • Race: Terran Terran
  • League: Master
  • Spawn Location: 11:00

Event: 2019 Assembly Summer

VOD

Have the link to the VOD?

Description

Time

  • Played on: Aug. 2, 2019, 6:38 a.m.
  • Length: 14:24

All games in this series

Show
View Real Time Build Order
Export as new Build Order

TSGSolar Zerg - Winner!

Build Orders: Hatch First 

Get SALT Encoding   

  12  0:01  Drone  
  13  0:12  Overlord  
  13  0:17  Drone  
  14  0:30  Drone x2  
  16  0:48  Hatchery  
  15  0:51  Drone  
  15  0:54  Drone  
  17  0:58  Drone  
  18  1:09  Extractor  
  17  1:13  Spawning Pool  
  17  1:16  Drone  
  17  1:20  Drone  
  18  1:28  Drone  
  19  1:39  Drone  
  20  1:50  Overlord  
  20  1:59  Queen x2  
  20  2:00  Zergling x2  
  20  2:01  Zergling x2  
  26  2:11  Drone x2  
  28  2:18  Metabolic Boost  
  28  2:33  Hatchery  
  28  2:34  Drone  
  28  2:43  Queen  
  30  2:47  Drone  
  30  2:49  Overlord  
  32  2:51  Drone  
  32  2:54  Drone  
  32  2:55  Drone  
  34  2:59  Drone  
  34  3:01  Drone  
  36  3:08  Drone x3  
  36  3:10  Drone  
  40  3:13  Drone  
  40  3:19  Queen  
  43  3:22  Overlord  
  43  3:25  Drone  
  44  3:32  Overlord  
  44  3:41  Drone x3  
  45  3:42  Zergling x4  
  45  3:46  Drone x2  
  51  3:49  Zergling x2  
  51  3:52  Drone x3  
  51  3:54  Queen  
  57  3:56  Overlord  
  57  3:58  Drone  
  57  4:03  Queen  
  57  4:06  Drone  
  57  4:07  Overlord  
  57  4:08  Zergling x2  
  61  4:13  Drone  
  61  4:15  Lair  
  62  4:20  Spore Crawler, Drone  
  62  4:23  Baneling Nest  
  61  4:24  Spore Crawler  
  61  4:25  Drone  
  61  4:27  Overlord  
  61  4:30  Drone  
  62  4:32  Drone  
  62  4:36  Spore Crawler  
  62  4:37  Extractor  
  62  4:38  Zergling x4, Extractor  
  62  4:40  Drone  
  62  4:41  Drone  
  62  4:43  Drone x2  
  62  4:44  Drone  
  67  4:46  Drone  
  67  4:49  Drone  
  67  4:50  Drone  
  67  4:52  Overlord  
  70  5:02  Drone x3  
  70  5:04  Drone x2  
  75  5:07  Overlord  
  75  5:11  Drone  
  75  5:13  Drone x2  
  78  5:14  Overseer  
  78  5:16  Drone x3  
  78  5:18  Centrifical Hooks  
  81  5:21  Evolution Chamber  
  81  5:22  Evolution Chamber  
  81  5:23  Overlord  
  81  5:25  Drone  
  81  5:28  Drone  
  81  5:30  Extractor  
  80  5:36  Drone x3  
  80  5:37  Drone x2  
  80  5:39  Drone  
  86  5:44  Zergling x8  
  86  5:45  Hatchery  
  86  5:49  Overlord  
  89  5:54  Zergling x8  
  93  5:58  Zerg Ground Armor Level 1, Zerg Melee Weapons Level 1, Overlord  
  93  6:01  Drone  
  93  6:03  Zergling x2  
  95  6:07  Drone  
  93  6:13  Zergling x8  
  93  6:15  Drone  
  97  6:22  Hatchery  
  97  6:24  Baneling x9  
  97  6:25  Zergling x12  
  102  6:26  Zergling x2  
  102  6:28  Zergling x2  
  102  6:30  Overlord  
  102  6:32  Drone  
  105  6:37  Zergling x2  
  105  6:39  Overlord  
  106  6:40  Zergling x2  
  106  6:41  Zergling x4  
  106  6:46  Baneling x2  
  108  6:49  Zergling x8  
  109  6:54  Zergling x10  
  109  6:57  Zergling x4  
  109  6:59  Queen  
  112  7:03  Zergling x2  
  112  7:04  Zergling x2  
  112  7:07  Drone x2  
  116  7:09  Drone x3  
  116  7:12  Overseer  
  116  7:13  Overlord  
  116  7:15  Drone  
  120  7:17  Drone  
  120  7:18  Spore Crawler, Drone x3  
  123  7:24  Drone x2  
  123  7:25  Zergling x8  
  123  7:26  Baneling x3  
  128  7:30  Zergling x2  
  128  7:36  Zergling x8  
  133  7:43  Zergling x4  
  135  7:52  Zerg Ground Armor Level 2, Zerg Melee Weapons Level 2  
  135  7:53  Infestation Pit, Overlord x2, Extractor  
  135  7:54  Overlord  
  135  7:55  Zergling x12  
  135  7:58  Overlord  
  139  7:59  Zergling x4  
  139  8:00  Overlord  
  139  8:05  Zergling x6  
  144  8:06  Baneling x6  
  144  8:11  Hatchery  
  144  8:12  Zergling x14  
  150  8:16  Hatchery, Pneumatized Carapace  
  150  8:17  Overlord  
  150  8:18  Zergling x10  
  153  8:21  Zergling x2  
  153  8:25  Zergling x2  
  153  8:26  Zergling x6  
  158  8:31  Zergling x12  
  158  8:33  Hive  
  161  8:35  Drone x2  
  161  8:38  Baneling x13  
  161  8:40  Zergling x4  
  165  8:46  Baneling x2  
  165  8:47  Zergling x10  
  170  8:53  Zergling x10  
  171  9:01  Zergling x6  
  172  9:04  Zergling x8  
  172  9:09  Drone  
  177  9:11  Drone  
  177  9:12  Drone  
  177  9:14  Drone  
  177  9:16  Drone x2  
  179  9:19  Overseer  
  179  9:24  Zergling x8  
  183  9:30  Zergling x6  
  176  9:32  Zergling x2  
  176  9:33  Zergling x8  
  177  9:38  Zergling x2  
  177  9:39  Zergling x10  
  183  9:47  Viper x2, Spore Crawler, Ultralisk Cavern, Adrenal Glands  
  183  9:48  Zergling x6  
  183  9:49  Zergling x12  
  196  9:55  Zergling x8  
  196  9:58  Baneling x7  
  199  10:01  Baneling  
  192  10:13  Zergling x32  
  192  10:14  Zergling x4  
  200  10:20  Zergling x18  
  195  10:26  Zergling x6  
  195  10:35  Zergling x12  
  193  10:37  Chitinous Plating  
  193  10:40  Zerg Ground Armor Level 3, Zerg Melee Weapons Level 3, Drone x2  
  193  10:42  Drone x6  
  189  10:46  Zergling x6  
  187  10:50  Zergling x6  
  187  10:52  Baneling x11  
  190  10:58  Zergling x2  
  190  10:59  Zergling x8  
  188  11:06  Zergling x8  
  188  11:09  Baneling x3  
  188  11:10  Baneling  
  191  11:11  Zergling x2  
  191  11:12  Zergling x12  
  182  11:18  Zergling x14  
  182  11:19  Zergling x6  
  182  11:21  Baneling x11  
  182  11:22  Zergling x2  
  182  11:23  Zergling x4  
  186  11:26  Zergling x2  
  186  11:28  Baneling x4  
  186  11:29  Zergling x2  
  183  11:39  Zergling x2  
  172  11:40  Zergling x8  
  172  11:45  Zergling x2  
  172  11:46  Zergling x16  
  167  11:53  Baneling x7  
  165  11:57  Zergling x2  
  165  11:58  Zergling x10  
  163  12:05  Ultralisk, Zergling x8  
  169  12:08  Extractor  
  169  12:09  Anabolic Synthesis  
  169  12:10  Zergling x2  
  169  12:12  Zergling x2  
  169  12:14  Hatchery, Overseer  
  169  12:15  Zergling x8  
  169  12:20  Zergling x2  
  173  12:23  Drone  
  173  12:24  Drone x2  
  173  12:28  Spire, Zergling x10  
  180  12:31  Baneling x2  
  180  12:34  Zergling x4  
  182  12:40  Zergling x16  
  190  12:44  Zergling x12  
  190  12:51  Zergling x10  
  198  12:55  Baneling x7  
  198  12:56  Baneling x6  
  198  12:58  Zergling x6  
  197  13:23  Extractor  
  197  13:24  Zergling x10  
  191  13:38  Baneling x2  
  191  13:40  Spore Crawler, Drone x4  
  194  13:42  Zergling x10  
  196  13:51  Zergling x6  
  196  13:52  Zergling x2  
  195  14:07  Zergling x24  
Show
View Real Time Build Order
Export as new Build Order

lIIllllIIlll Terran 

Build Orders: Gas First Reaper Expand, Banshee Rush 

Get SALT Encoding   

  12  0:00  SCV  
  13  0:12  SCV  
  14  0:16  Supply Depot  
  14  0:24  SCV  
  14  0:27  Refinery  
  15  0:38  SCV  
  16  0:44  Barracks  
  16  0:50  SCV  
  17  1:02  SCV  
  18  1:14  SCV  
  19  1:30  Orbital Command  
  19  1:31  Reaper  
  20  1:41  Command Center  
  20  1:52  Factory  
  20  1:56  SCV  
  21  2:05  Barracks Reactor  
  21  2:08  SCV  
  21  2:12  Supply Depot  
  21  2:13  Refinery  
  22  2:20  SCV  
  23  2:34  SCV  
  24  2:41  Starport  
  24  2:45  Hellion x2  
  24  2:46  SCV  
  29  2:53  Barracks Tech Lab  
  29  2:54  Orbital Command  
  29  2:58  SCV  
  30  3:08  Hellion x2  
  30  3:10  SCV  
  35  3:18  Marine  
  37  3:20  SCV  
  37  3:22  Cloaking Field  
  37  3:26  Banshee  
  40  3:31  Supply Depot  
  41  3:34  SCV  
  41  3:36  SCV  
  41  3:37  Barracks Tech Lab  
  42  3:46  SCV  
  42  3:48  SCV  
  44  3:55  Supply Depot  
  44  3:56  Stimpack  
  44  4:00  SCV x2  
  46  4:07  Command Center  
  46  4:10  Banshee  
  46  4:13  Marine  
  46  4:15  SCV  
  46  4:16  SCV  
  52  4:22  Factory Reactor  
  52  4:25  Barracks  
  52  4:27  SCV  
  52  4:28  SCV  
  54  4:33  Barracks  
  54  4:39  SCV  
  54  4:40  Supply Depot, SCV  
  54  4:41  Marine  
  57  4:48  Engineering Bay  
  57  4:51  Engineering Bay  
  57  4:52  SCV x2  
  59  4:59  Marine  
  60  5:02  Starport Reactor  
  60  5:04  Refinery, SCV  
  60  5:05  SCV  
  62  5:07  Refinery  
  62  5:14  Marine x2  
  62  5:16  Siege Tank  
  62  5:17  Terran Infantry Weapons Level 1, SCV x2  
  62  5:21  Orbital Command  
  69  5:24  Terran Infantry Armor Level 1  
  69  5:29  SCV x2  
  69  5:31  Marine  
  69  5:32  Marine x2  
  74  5:36  Supply Depot, Marine x2  
  74  5:41  SCV x2  
  78  5:48  Siege Tank  
  81  5:51  Marine x3  
  81  5:53  Orbital Command  
  81  5:54  Marine  
  85  5:57  SCV x2  
  85  5:59  Supply Depot  
  85  6:01  Supply Depot, Medivac  
  85  6:02  Medivac  
  91  6:09  SCV x2  
  93  6:12  Combat Shield  
  93  6:14  Marine x2  
  93  6:16  Marine x3  
  91  6:23  Siege Tank, SCV  
  91  6:24  SCV x2  
  97  6:29  Refinery  
  97  6:31  Supply Depot, Marine x2  
  99  6:34  Marine x3  
  99  6:37  SCV x3  
  105  6:41  Supply Depot  
  105  6:42  Supply Depot  
  105  6:43  Supply Depot  
  105  6:44  Armory  
  105  6:49  Marine  
  105  6:51  SCV x3  
  109  6:57  Marine x4  
  109  6:59  Siege Tank  
  109  7:01  Medivac x2  
  115  7:05  Supply Depot  
  115  7:06  SCV x2  
  115  7:07  Marine  
  115  7:08  SCV  
  121  7:19  Factory, Barracks x2  
  121  7:22  Marine x2  
  121  7:23  Marine x2, Refinery  
  121  7:27  SCV x3  
  128  7:31  Marine  
  128  7:36  Terran Infantry Weapons Level 2  
  129  7:37  Terran Infantry Armor Level 2  
  129  7:45  Siege Tank  
  129  7:48  SCV x3  
  135  7:51  Marine  
  135  7:52  Marine x4  
  135  7:53  Supply Depot x2  
  135  7:54  Supply Depot, Terran Vehicle And Ship Armor Level 1  
  140  8:04  Command Center  
  140  8:06  Barracks Reactor x2  
  140  8:09  Drilling Claws  
  140  8:10  Factory Reactor  
  140  8:13  Medivac  
  140  8:17  Marine  
  140  8:18  Marine x3  
  146  8:22  Widow Mine  
  146  8:26  Medivac  
  147  8:27  Marauder  
  147  8:35  Marine x2  
  147  8:36  Supply Depot, Marine x2  
  151  8:41  Barracks  
  151  8:43  Barracks x2  
  151  8:45  Widow Mine  
  151  8:46  Widow Mine  
  151  8:47  Widow Mine  
  157  8:53  Medivac  
  157  8:54  Marine x6, Marauder  
  162  8:56  Medivac  
  164  9:09  Marine  
  164  9:10  Marine  
  164  9:12  Marine x5  
  164  9:13  Widow Mine x3  
  164  9:16  Marauder  
  179  9:19  SCV x3  
  179  9:23  Medivac  
  184  9:26  Medivac  
  184  9:28  Marine  
  184  9:29  Barracks Tech Lab x2  
  186  9:31  Barracks Tech Lab  
  186  9:34  SCV x3  
  186  9:37  Marauder  
  188  9:40  Widow Mine x3  
  194  9:57  Terran Infantry Weapons Level 3, Terran Infantry Armor Level 3  
  194  10:02  Widow Mine  
  194  10:04  Widow Mine  
  195  10:11  Marauder  
  195  10:12  Marine  
  195  10:13  Marine  
  195  10:14  Marine  
  180  10:16  Marine  
  180  10:17  Marauder x2  
  180  10:21  Widow Mine  
  163  10:24  Widow Mine  
  163  10:25  SCV x2  
  163  10:26  Widow Mine, SCV  
  163  10:27  Marine x2, Marauder  
  160  10:32  Planetary Fortress  
  160  10:33  Marauder  
  156  10:37  SCV  
  156  10:38  Marauder, SCV  
  156  10:39  Marauder  
  158  10:44  SCV  
  158  10:46  Marine  
  158  10:48  Marauder  
  161  10:51  Marine x2  
  161  10:54  SCV x2  
  161  10:56  SCV  
  166  11:03  Widow Mine x3  
  161  11:06  SCV x2  
  161  11:09  Marine x3, Marauder x2  
  148  11:20  Medivac x2  
  148  11:21  SCV x3  
  148  11:22  Marauder  
  148  11:23  Marauder  
  153  11:27  Widow Mine x3  
  158  11:33  SCV x3  
  158  11:34  Marauder x2  
  158  11:37  Marine  
  158  11:38  Marine x3  
  116  11:48  Widow Mine x3  
  116  11:50  Medivac x2  
  116  11:51  Marine, Marauder x2  
  123  11:56  Marine x3  
  123  12:00  SCV  
  123  12:04  Marine  
  123  12:05  Marine x3  
  127  12:09  Widow Mine  
  127  12:10  SCV x2  
  127  12:14  Marauder  
  133  12:16  Marine  
  133  12:21  Medivac  
  136  12:22  Medivac  
  136  12:26  Marauder  
  136  12:28  Marine  
  136  12:29  Marine  
  141  12:30  Marine  
  141  12:33  Marauder  
  145  12:39  Widow Mine x3  
  145  12:43  Marauder  
  153  12:45  Marine x2  
  153  12:49  SCV  
  153  12:50  SCV x2  
  158  12:54  Medivac x2  
  158  12:56  Marine, Marauder  
  165  13:03  Widow Mine x3  
  171  13:16  Supply Depot x2  
  171  13:19  Marauder x4  
  179  13:36  SCV  
  179  13:37  Medivac, SCV x2  
  179  13:38  Widow Mine x2  
  179  13:39  Supply Depot, Widow Mine  
  179  13:40  Marauder x3  
  196  13:46  Marine, Marauder  
  196  13:47  Marine  
  196  14:00  Marine x5  
Tags
 
Add a new tag
Caveats
  • Supply blocks, unpowered buildings, or Contaminate may cause inaccurate times.
  • Supply counts are checked every 10 seconds.